 Dungeon Crawl Stone Soup version 0.24-a0-537-g2d01d4ab0a (webtiles) character file.

Game seed: 7635991042929021094

1254 Chiseanne the Sneak (level 8, -5/64 HPs)
             Began as a Demonspawn Wanderer on Aug 13, 2019.
             Slain by a crocodile (15 damage)
             ... on level 8 of the Dungeon.
             The game lasted 00:14:12 (7871 turns).

Chiseanne the Sneak (Demonspawn Wanderer)           Turns: 7871, Time: 00:14:13

Health: -5/64      AC:  9    Str: 10    XL:     8   Next: 26%
Magic:  9/9        EV: 14    Int: 17    God:
Gold:   262        SH:  3    Dex: 16    Spells: 7/9 levels left

rFire    + . .     SeeInvis .   a - +4 falchion (elec)
rCold    . . .     Gourm    .   h - +0 buckler
rNeg     . . .     Faith    .   p - +1 leather armour
rPois    .         Spirit   .   e - +2 helmet
rElec    .         Reflect  .   (no cloak)
rCorr    .         Harm     .   A - +0 pair of gloves
MR       .....                  (no boots)
Stlth    ++++......             (no amulet)
HPRegen  0.60/turn              r - ring of protection from fire
MPRegen  0.11/turn              (no ring)

@: starving
A: talons 1, agile 1, deterioration 1, nightstalker 1, regeneration 1, shaggy
fur 1
a: no special abilities


You were on level 8 of the Dungeon.
You were starving.

You visited 1 branch of the dungeon, and saw 8 of its levels.

You collected 262 gold pieces.

Inventory:

Hand Weapons
 a - a +4 falchion of electrocution (weapon)
 s - a +0 dagger of freezing
 t - a +3 club
 x - a +1 dagger of venom
 E - a +4 short sword of electrocution
Missiles
 f - 33 bolts
 j - 143 stones (quivered)
 n - 17 sling bullets
 o - 59 arrows
Armour
 e - a +2 helmet (worn)
 h - a +0 buckler (worn)
 p - a +1 leather armour (worn)
 A - a +0 pair of gloves (worn)
Magical Staves
 z - an uncursed staff of power
Jewellery
 r - a ring of protection from fire (left hand)
Wands
 B - a wand of polymorph (5)
 F - a wand of digging (4)
Scrolls
 u - 4 scrolls of remove curse
 v - 3 scrolls of teleportation
 w - 2 scrolls of fear
 y - a scroll of fog
Potions
 b - 2 potions of mutation
 c - a potion of curing
 d - 2 potions of might {unknown}
 i - a potion of heal wounds {unknown}
 k - 5 potions of agility {unknown}
 l - 2 potions of ambrosia {unknown}
 m - 2 potions of flight {unknown}
 q - 4 potions of cancellation {unknown}
 C - a potion of lignification {unknown}
 D - a potion of haste {unknown}
Comestibles
 g - 14 rations
 G - a chunk of flesh


   Skills:
 * Level 5.7 Fighting
 - Level 1.0 Maces & Flails
 - Level 1.0 Armour
 * Level 5.1 Dodging
 * Level 5.9 Stealth
 - Level 1.0 Spellcasting
 - Level 1.7 Translocations
   Level 1.7 Earth Magic


You had 7 spell levels left.
You knew the following spells:

 Your Spells              Type           Power        Failure   Level  Hunger
a - Blink                 Tloc           N/A          34%         2    ###....

Your spell library contained the following spells:

 Spells                   Type           Power        Failure   Level  Hunger
 Shroud of Golubria       Chrm/Tloc      #.....       45%         2    ###....
 Gell's Gravitas          Tloc           #.........   56%         3    ####...
 Lesser Beckoning         Tloc           #.........   56%         3    ####...
 Teleport Other           Tloc           #.......     56%         3    ####...
 Poisonous Vapours        Pois/Air       #.....       58%         2    ###....
 Swiftness                Chrm/Air       #.......     58%         2    ###....
 Passage of Golubria      Tloc           N/A          93%         4    #####..


Dungeon Overview and Level Annotations

Branches:
Dungeon (8/15)               Lair (0/6) D:8
 Temple: D:4-7

Altars:
Hepliaklqana
Kikubaaqudgha
Makhleb
Uskayaw
Xom
Yredelemnul

Annotations:
D:8 Harold


Innate Abilities, Weirdness & Mutations

You have sharp toenails.
You are slightly more attuned to the shadows.
You are agile. (Dex +2)
Your body sometimes deteriorates upon taking damage.
Your natural rate of healing is unusually fast.
You are covered in fur. (AC +1)


Message History

The plant is destroyed!
The crocodile bites you!
* * * LOW HITPOINT WARNING * * *
The yak gores the plant.
The crocodile bites the plant.
The crocodile bites you.
* * * LOW HITPOINT WARNING * * *
The crocodile bites the plant!
The yak gores the plant!
The yak gores something but does no damage.
The yak gores something but does no damage.
You block the crocodile's attack.
You see here a ration.
Found 15 gold pieces.
Evoke which item? (* to show all) (? for menu, Esc to quit)
Okay, then.
It was a potion of mutation.
You feel extremely strange.
You feel yourself wasting away. Fur sprouts all over your body.
You begin to heal more quickly.
You feel agile. The crocodile bites you!
You die...

...#.#.#
#.tY###
##.....#
......#.#
.###...r.###
.......t.#
###.#.###t#
#.#.# #t# .
.$ #@# ..
#.# ## ..#
.... #####


You could see 3 crocodiles.

Vanquished Creatures
  A porcupine (D:8)
  2 phantoms (D:4)
  An ogre (D:7)
  A bullfrog (D:3)
  A scorpion (D:4)
  2 crimson imps
  2 hounds
  A centaur zombie (D:5)
  3 orc priests
  3 orc wizards
  2 iguanas
  Jessica (D:2)
  Natasha (D:2)
  5 worker ants
  A hound skeleton (D:4)
  4 gnolls (D:3)
  3 adders
  2 shadow imps (D:7)
  3 worms
  2 dart slugs
  7 leopard geckos
  21 orcs
  10 bats
  3 giant cockroaches
  2 gnoll zombies (D:2)
  5 goblins
  6 hobgoblins
  5 jackals
  2 quokkas
  A ball python (D:4)
  A ball python zombie (D:5)
  4 frilled lizards
  A jackal skeleton (D:4)
  6 kobolds
  3 leopard gecko skeletons (D:5)
  A leopard gecko zombie (D:6)
  A quokka skeleton (D:4)
  11 rats
131 creatures vanquished.

Vanquished Creatures (others)
  2 plants (D:8)
2 creatures vanquished.

Grand Total: 133 creatures vanquished

Notes
Turn   | Place    | Note
-------+----------+-------------------------------------------
     0 | D:1      | Chiseanne the Demonspawn Wanderer began the quest for the
                  | Orb.
     0 | D:1      | Chiseanne set off with the following items: a +0 club, a
                  | potion of curing, a +0 robe, a +0 dagger, a ration; and the
                  | following spells available to memorise: Blink, Shroud of
                  | Golubria, Poisonous Vapours, Swiftness, Gell's Gravitas,
                  | Lesser Beckoning, Teleport Other, Passage of Golubria
     0 | D:1      | Reached XP level 1. HP: 15/15 MP: 2/2
   497 | D:1      | Reached skill level 1 in Dodging
   497 | D:1      | Gained mutation: You are slightly more attuned to the
                  | shadows. [demonic ancestry]
   497 | D:1      | Reached XP level 2. HP: 7/21 MP: 3/3
   696 | D:1      | Learned a level 2 spell: Blink
  1640 | D:2      | HP: 1/22 [gnoll zombie (5)]
  1890 | D:2      | Found a basalt altar of Yredelemnul.
  2347 | D:3      | Reached XP level 3. HP: 13/27 MP: 4/4
  2529 | D:2      | Noticed Jessica
  2539 | D:2      | Killed Jessica
  2650 | D:2      | Reached XP level 4. HP: 30/34 MP: 5/5
  2805 | D:2      | Noticed Natasha
  2819 | D:2      | Killed Natasha
  3945 | D:3      | Reached XP level 5. HP: 24/40 MP: 6/6
  4454 | D:3      | Found a faded altar of an unknown god.
  4748 | D:3      | Gained mutation: You have sharp toenails. [demonic
                  | ancestry]
  4748 | D:3      | Reached XP level 6. HP: 14/47 MP: 7/7
  5382 | D:4      | Reached XP level 7. HP: 41/54 MP: 8/8
  6028 | D:5      | Entered Level 5 of the Dungeon
  6040 | D:5      | Found a hide-covered altar of Uskayaw.
  6448 | D:5      | Reached skill level 5 in Stealth
  6529 | D:5      | Reached skill level 5 in Fighting
  6744 | D:6      | Found an ancient bone altar of Kikubaaqudgha.
  7329 | D:7      | Reached XP level 8. HP: 62/62 MP: 9/9
  7546 | D:7      | Found a hazy altar of Hepliaklqana.
  7713 | D:7      | Found a burning altar of Makhleb.
  7713 | D:7      | Found a shimmering altar of Xom.
  7720 | D:7      | Reached skill level 5 in Dodging
  7839 | D:8      | Noticed Harold
  7842 | D:8      | Found a staircase to the Lair.
  7871 | D:8      | Gained mutation: Your body sometimes deteriorates upon
                  | taking damage. [potion of mutation]
  7871 | D:8      | Gained mutation: You are covered in fur. (AC +1) [potion of
                  | mutation]
  7871 | D:8      | Gained mutation: Your natural rate of healing is unusually
                  | fast. [potion of mutation]
  7871 | D:8      | Gained mutation: You are agile. (Dex +2) [potion of
                  | mutation]
  7871 | D:8      | Slain by a crocodile

Levels and vault maps discovered:
D:1:      dpeg_arrival_simpleton_c, layout_basic
D:2:      layout_loops_ring, lemuel_zombie_altar_yredelemnul, first_ration,
          uniq_natasha, uniq_jessica
D:3:      layout_loops_ring, chequers_ecumenical_altar_simple,
          grunt_ministairs_4, guppyfry_early_lair_pool
D:4:      layout_cave_pods, serial_rivers, chequers_serial_rivers_small_b,
          chequers_serial_rivers_marsh, chequers_serial_rivers_micro_e,
          chequers_serial_rivers_micro_a, chequers_serial_rivers_small_b
D:5:      layout_loops_ring, overflow_temple_1_default
D:6:      layout_basic, kennysheep_mini_moat, minmay_temple_entry_purple_smoke,
          serial_shops, nicolae_shop_window_shopping
D:7:      layout_gridville, grunt_temple_overflow_champion_of_chaos,
          marbit_many_paths
D:8:      layout_basic, gammafunk_temple_overflow_pools,
          minmay_lair_entry_grove, uniq_harold, uniq_psyche,
          uniq_prince_ribbit1, uniq_gastronok

Skill      XL: |  1  2  3  4  5  6  7  8 |
---------------+-------------------------+-----
Dodging        | 1 2 3 4 5 |  5.1
Stealth        | 2 3 4 5 |  5.9
Fighting       | 2 3 4 5 |  5.7
Maces & Flails | |  1.0
Armour         | |  1.0
Spellcasting   | |  1.0
Translocations | |  1.7
Earth Magic    | |  1.7

Action                   |  1- 3 |  4- 6 |  7- 9 || total
-------------------------+-------+-------+-------++-------
Melee: Club              |   148 |   112 |       ||   260
       Falchion          |       |    76 |   102 ||   178
       Kick              |       |     4 |    24 ||    28
Throw: Stone             |       |     4 |       ||     4
  Use: Scroll            |     6 |     5 |     3 ||    14
       Potion            |       |     1 |     3 ||     4
 Stab: Sleeping          |     7 |    10 |    11 ||    28
       Distracted        |       |     1 |     1 ||     2
  Eat: Chunk             |     2 |     9 |     6 ||    17
       Ration            |     1 |       |       ||     1
Armor: Robe              |    15 |       |       ||    15
       Leather armour    |    28 |    57 |    38 ||   123
Dodge: Dodged            |    92 |   107 |    63 ||   262
Block: Buckler           |    21 |    20 |    20 ||    61
       Rpst.: Falchion   |       |    17 |    24 ||    41

Table legend:
 A = Non-vault XP
 B = Vault XP
 C = Vault XP percentage of total XP
 D = Non-vault monster count
 E = Vault monster count
 F = Vault count percentage of total count
                 A         B        C        D         E       F
            +---------+---------+-------+---------+---------+-------
      Total |    1348 |     444 |  24.8 |     119 |      12 |   9.2
            +---------+---------+-------+---------+---------+-------
        D:1 |      19 |       0 |   0.0 |      11 |       0 |   0.0
        D:2 |      84 |      76 |  47.5 |      32 |       4 |  11.1
        D:3 |     146 |      59 |  28.8 |      28 |       5 |  15.2
        D:4 |     541 |       0 |   0.0 |      19 |       0 |   0.0
        D:5 |     246 |       0 |   0.0 |      12 |       0 |   0.0
        D:6 |      33 |       0 |   0.0 |       2 |       0 |   0.0
        D:7 |     279 |     166 |  37.3 |      15 |       2 |  11.8
        D:8 |       0 |     143 | 100.0 |       0 |       1 | 100.0
            +---------+---------+-------+---------+---------+-------
